Lightning vs Flames
Created - January 12, 2018 at 19:00
Goals
|
| Lightning |
1 |
1 |
0 |
2 |
| Flames |
1 |
2 |
0 |
3 |
|
Shots
|
| Lightning |
16 |
13 |
5 |
34 |
| Flames |
13 |
9 |
8 |
30 |
|
1st period
1. Lightning , Steve Bernier 9 (Pierre-Marc Bouchard 12, Danny Richmond 10) at 4:19
2. Flames , Alexander Semin 21 (Eric Staal 39, David Backes 31) at 14:09
Penalties :
Justin Schultz (TB.) for Tripping (Minor) at 16:09
2nd period
3. Flames , David Backes 27 (Erik Johnson 22, Alexander Semin 37) at 14:58
4. Lightning , Pierre-Marc Bouchard 11 (John Carlson 19, Steve Bernier 11) at 16:07
5. Flames , Patrik Berglund 14 (Steve Regier 14) at 18:20 (PP)
Penalties :
Alexander Semin (Cal) for Holding (Minor) at 5:13, Reilly Smith (TB.) for Holding Stick (Minor) at 8:32, John Carlson (TB.) for Hooking (Minor) at 18:07
3rd period
No Goal
Penalties :
Jonathan Ferland (Cal) for Hooking (Minor) at 15:07, Kris Versteeg (TB.) for Hooking (Minor) at 18:30
Goalie Stats
Jaroslav Halak (TB.), 27 saves from 30 shots - (0.900), L, 14-15-4, 60:00 minutes
Josh Harding (Cal), 32 saves from 34 shots - (0.941), W, 3-3-0, 60:00 minutes
Players Stats for Lightning
Player Name G A P +/- PIM S H SB GA TA FO MP PP MP PK MP
------------------------------------------------------------------------------------
Andy Rogers 0 0 0 1 0 1 1 0 0 1 0/0 16:11 0:00 3:08
Brent Burns 0 0 0 0 0 3 0 3 0 1 0/0 27:07 1:39 2:32
Daniel Carcillo 0 0 0 0 0 2 0 0 1 0 0/0 15:31 0:00 2:13
Danny Richmond 0 1 1 1 0 1 1 0 0 1 0/0 15:21 0:00 2:32
Henrik Zetterberg 0 0 0 0 0 7 2 0 1 0 2/2 20:34 2:06 1:27
Jeff Schultz 0 0 0 -1 0 2 0 2 1 1 0/0 20:22 1:39 3:08
John Carlson 0 1 1 0 2 2 1 4 0 0 0/0 24:16 2:19 0:00
Jordan Nolan 0 0 0 0 0 1 1 1 0 0 5/12 15:42 1:52 0:23
Justin Schultz 0 0 0 -1 2 1 0 0 0 1 0/0 16:48 2:19 0:00
Kris Versteeg 0 0 0 0 2 3 3 0 0 0 0/2 19:06 2:06 0:00
Loui Eriksson 0 0 0 2 0 0 0 0 0 1 0/0 14:32 0:00 3:03
Mikael Backlund 0 0 0 -2 0 1 0 0 0 0 2/3 9:23 0:00 1:05
Pierre-Luc Létourneau 0 0 0 -2 0 1 0 0 0 0 0/0 8:21 0:00 0:03
Pierre-Marc Bouchard 1 1 2 2 0 2 0 0 1 0 3/6 11:36 0:00 0:00
Reilly Smith 0 0 0 0 2 0 2 0 0 0 0/1 15:25 1:52 0:00
Robert Nilsson 0 0 0 0 0 3 1 1 0 1 14/31 22:13 2:06 3:06
Sheldon Keefe 0 0 0 -2 0 2 0 1 0 0 0/0 8:18 0:00 0:00
Steve Bernier 1 1 2 2 0 2 1 0 1 0 0/0 13:30 1:52 0:00
Players Stats for Flames
Player Name G A P +/- PIM S H SB GA TA FO MP PP MP PK MP
------------------------------------------------------------------------------------
Alexander Semin 1 1 2 2 2 4 0 0 4 0 1/2 22:25 2:58 0:49
Brad Marchand 0 0 0 -1 0 2 2 0 0 0 1/3 16:10 0:00 1:07
Brendan Mikkelson 0 0 0 1 0 0 0 0 0 0 0/0 18:02 2:37 1:41
Colin Wilson 0 0 0 -1 0 2 0 0 0 0 4/5 10:43 0:00 0:00
David Backes 1 1 2 2 0 2 2 1 0 1 1/1 21:18 2:58 0:00
Eric Staal 0 1 1 2 0 5 0 0 0 0 14/24 23:20 2:58 2:02
Erik Johnson 0 1 1 0 0 1 1 0 0 0 0/0 21:56 3:03 0:00
Jonathan Ferland 0 0 0 0 2 0 2 0 0 0 0/0 6:33 0:00 0:00
Jordin Tootoo 0 0 0 -1 0 4 1 0 0 0 0/0 15:31 2:42 2:02
Lubomir Visnovsky 0 0 0 -1 0 0 0 5 0 0 0/0 19:22 0:00 1:41
Michel Ouellet 0 0 0 -1 0 4 3 0 0 0 0/0 14:38 0:00 0:00
Mikhail Grabovski 0 0 0 0 0 2 1 0 0 0 1/2 8:52 0:00 1:56
Noah Welch 0 0 0 0 0 0 1 0 0 1 0/0 9:25 2:37 0:00
Patrik Berglund 1 0 1 -1 0 2 2 0 0 0 9/19 17:05 2:42 0:00
Ron Hainsey 0 0 0 0 0 1 2 1 0 1 0/0 21:34 0:00 2:17
Sami Vatanen 0 0 0 1 0 0 0 0 0 0 0/0 15:47 3:03 0:00
Steve Eminger 0 0 0 -1 0 0 1 1 1 2 0/0 20:02 0:00 2:17
Steve Regier 0 1 1 -1 0 1 1 1 2 0 0/1 13:17 2:42 0:00
3 Stars
1 - David Backes (Cal)
2 - Steve Bernier (TB.)
3 - Pierre-Marc Bouchard (TB.)
Power Play
Lightning - 0 on 2 Attempt(s) - 0.00%
Flames - 1 on 4 Attempt(s) - 25.00%
Penalty Kill
Lightning - 3 on 4 Attempt(s) - 75.00%
- Score 0 goal in Penalty Kill
Flames - 2 on 2 Attempt(s) - 100.00%
- Score 0 goal in Penalty Kill
Team Stat
Lightning - Hits : 13 - Faceoff Wins : 26 - Blocked Shots : 12 - Penalty Minutes : 8
Flames - Hits : 19 - Faceoff Wins : 31 - Blocked Shots : 9 - Penalty Minutes : 4
Official
Referees : Kimmerly Greg and Ciamaga Chris
Linesman : Andy McElman and Greg Devorski
Game Notes
No Game Note
Finance
Level 1 -- Attendance: 6000 (100.00%) -- Ticket Income $540,000
Level 2 -- Attendance: 3497 (69.94%) -- Ticket Income $202,826
Level 3 -- Attendance: 1527 (76.35%) -- Ticket Income $58,026
Level 4 -- Attendance: 3404 (85.10%) -- Ticket Income $91,908
Luxury Box -- Attendance: 941 (94.10%) -- Ticket Income $153,383
Game was played at the Metal Center.
Total Attendance: 15369 (85.38%)
Total Ticket Income: $1,046,143
Other Income: $156,921
Total Income: $1,203,064
Lightning
5 vs 5 Forward
Center Left Wing Right Wing Time % Phy DF OF
1 Robert Nilsson Henrik Zetterberg Kris Versteeg 40 1 2 2
2 Jordan Nolan Daniel Carcillo Reilly Smith 25 1 2 2
3 Pierre-Marc Bouchard Loui Eriksson Steve Bernier 25 1 2 2
4 Mikael Backlund Pierre-Luc Létourneau Sheldon Keefe 10 1 2 2
5 vs 5 Defense
Defense Defense Time % Phy DF OF
1 John Carlson Brent Burns 40 1 2 2
2 Jeff Schultz Justin Schultz 30 1 2 2
3 Andy Rogers Danny Richmond 20 1 2 2
4 John Carlson Brent Burns 10 1 2 2
PowerPlay Forward
Center Left Wing Right Wing Time % Phy DF OF
1 Robert Nilsson Henrik Zetterberg Kris Versteeg 60 1 2 2
2 Jordan Nolan Steve Bernier Reilly Smith 40 1 2 2
PowerPlay Defense
Defense Defense Time % Phy DF OF
1 Justin Schultz John Carlson 60 1 2 2
2 Brent Burns Jeff Schultz 40 1 2 2
Penalty Kill 4 Players Forward
Center Wing Time % Phy DF OF
1 Robert Nilsson Loui Eriksson 60 1 2 2
2 Mikael Backlund Daniel Carcillo 40 1 2 2
Penalty Kill 4 Players Defense
Defense Defense Time % Phy DF OF
1 Jeff Schultz Andy Rogers 60 1 2 2
2 Danny Richmond Brent Burns 40 1 2 2
Penalty Kill - 3 Players Forward
Forward Time % Phy DF OF
1 Henrik Zetterberg 60 1 2 2
2 Robert Nilsson 40 1 2 2
Penalty Kill - 3 Players Defense
Defense Defense Time % Phy DF OF
1 Jeff Schultz Brent Burns 60 1 2 2
2 Andy Rogers Danny Richmond 40 1 2 2
4 vs 4 Forward
Center Wing Time % Phy DF OF
1 Robert Nilsson Henrik Zetterberg 60 1 2 2
2 Jordan Nolan Reilly Smith 40 1 2 2
4 vs 4 Defense
Defense Defense Time % Phy DF OF
1 John Carlson Brent Burns 60 1 2 2
2 Danny Richmond Justin Schultz 40 1 2 2
Last Minutes Offensive
Center Left Wing Right Wing Defense Defense
Robert Nilsson Henrik Zetterberg Kris Versteeg John Carlson Brent Burns
Last Minutes Defensive
Center Left Wing Right Wing Defense Defense
Robert Nilsson Daniel Carcillo Loui Eriksson Jeff Schultz Andy Rogers
Goaltenders
Starting : Jaroslav Halak
Backup : Adam Munro
Extra Forwards
Normal : Daniel Carcillo, Reilly Smith, Kris Versteeg - PP : Daniel Carcillo, Reilly Smith - PK : Henrik Zetterberg
Extra Defensemen
Normal : Andy Rogers, Brent Burns, Danny Richmond - PP : Andy Rogers - PK : Justin Schultz, Andy Rogers
Penalty Shots
Henrik Zetterberg, Robert Nilsson, Pierre-Marc Bouchard, Kris Versteeg, Reilly Smith
Scratches
None
Flames
5 vs 5 Forward
Center Left Wing Right Wing Time % Phy DF OF
1 Eric Staal Alexander Semin David Backes 41 1 2 2
2 Patrik Berglund Brad Marchand Michel Ouellet 33 1 2 2
3 Colin Wilson Steve Regier Jordin Tootoo 18 1 2 2
4 Mikhail Grabovski Noah Welch Jonathan Ferland 8 1 2 2
5 vs 5 Defense
Defense Defense Time % Phy DF OF
1 Ron Hainsey Erik Johnson 38 1 2 2
2 Lubomir Visnovsky Steve Eminger 29 1 2 2
3 Sami Vatanen Brendan Mikkelson 23 1 2 2
4 Lubomir Visnovsky Steve Eminger 10 1 2 2
PowerPlay Forward
Center Left Wing Right Wing Time % Phy DF OF
1 Eric Staal Alexander Semin David Backes 60 1 1 3
2 Patrik Berglund Steve Regier Jordin Tootoo 40 1 1 3
PowerPlay Defense
Defense Defense Time % Phy DF OF
1 Sami Vatanen Erik Johnson 60 1 1 3
2 Noah Welch Brendan Mikkelson 40 1 1 3
Penalty Kill 4 Players Forward
Center Wing Time % Phy DF OF
1 Mikhail Grabovski Alexander Semin 50 1 3 1
2 Eric Staal Jordin Tootoo 50 1 3 1
Penalty Kill 4 Players Defense
Defense Defense Time % Phy DF OF
1 Ron Hainsey Steve Eminger 58 1 3 1
2 Lubomir Visnovsky Brendan Mikkelson 42 1 3 1
Penalty Kill - 3 Players Forward
Forward Time % Phy DF OF
1 Eric Staal 50 1 3 1
2 Alexander Semin 50 1 3 1
Penalty Kill - 3 Players Defense
Defense Defense Time % Phy DF OF
1 Ron Hainsey Steve Eminger 58 1 3 1
2 Lubomir Visnovsky Brendan Mikkelson 42 1 3 1
4 vs 4 Forward
Center Wing Time % Phy DF OF
1 Eric Staal Alexander Semin 60 1 2 2
2 Patrik Berglund Jordin Tootoo 40 1 2 2
4 vs 4 Defense
Defense Defense Time % Phy DF OF
1 Ron Hainsey Erik Johnson 60 1 2 2
2 Lubomir Visnovsky Steve Eminger 40 1 2 2
Last Minutes Offensive
Center Left Wing Right Wing Defense Defense
Eric Staal Alexander Semin David Backes Ron Hainsey Erik Johnson
Last Minutes Defensive
Center Left Wing Right Wing Defense Defense
Eric Staal Alexander Semin David Backes Ron Hainsey Erik Johnson
Goaltenders
Starting : Josh Harding
Backup : Pekka Rinne
Extra Forwards
Normal : Brad Marchand, Jordin Tootoo, Patrik Berglund - PP : Brad Marchand, Jordin Tootoo - PK : Brad Marchand
Extra Defensemen
Normal : Lubomir Visnovsky, Steve Eminger, Brendan Mikkelson - PP : Sami Vatanen - PK : Erik Johnson, Lubomir Visnovsky
Penalty Shots
Eric Staal, Alexander Semin, David Backes, Patrik Berglund, Colin Wilson
Scratches
Derek Meech (Bruised Right Foot Injury)
% Time on Ice - Lightning
Lines # - Real PCT - Wanted PCT - Time Play
Normal Forward
1 - 35% - 40% - 17:37
2 - 26% - 25% - 12:51
3 - 23% - 25% - 11:36
4 - 16% - 10% - 8:18
Normal Defense
1 - 37% - 40% - 18:43
2 - 32% - 30% - 16:18
3 - 23% - 20% - 11:26
4 - 8% - 10% - 3:55
PP Forward
1 - 53% - 60% - 2:06
2 - 47% - 40% - 1:52
PP Defense
1 - 58% - 60% - 2:19
2 - 42% - 40% - 1:39
PK Forward
1 - 81% - 60% - 4:35
2 - 19% - 40% - 1:05
PK Defense
1 - 55% - 60% - 3:08
2 - 45% - 40% - 2:32
PK3 Forward
1 - 0% - 60%
2 - 0% - 40%
PK3 Defense
1 - 0% - 60%
2 - 0% - 40%
44 Forward
1 - 0% - 60%
2 - 0% - 40%
44 Defense
1 - 0% - 60%
2 - 0% - 40%
Last Minute Offensive - 0:00
Last Minute Defensive - 0:00
Total
Forward - 60:00
Defense - 60:00
|
% Time on Ice - Flames
Lines # - Real PCT - Wanted PCT - Time Play
Normal Forward
1 - 37% - 41% - 18:27
2 - 29% - 33% - 14:42
3 - 21% - 18% - 10:43
4 - 13% - 8% - 6:30
Normal Defense
1 - 38% - 38% - 19:17
2 - 28% - 29% - 14:06
3 - 25% - 23% - 12:44
4 - 8% - 10% - 4:15
PP Forward
1 - 52% - 60% - 2:58
2 - 48% - 40% - 2:42
PP Defense
1 - 54% - 60% - 3:03
2 - 46% - 40% - 2:37
PK Forward
1 - 49% - 50% - 1:56
2 - 51% - 50% - 2:02
PK Defense
1 - 58% - 58% - 2:17
2 - 42% - 42% - 1:41
PK3 Forward
1 - 0% - 50%
2 - 0% - 50%
PK3 Defense
1 - 0% - 58%
2 - 0% - 42%
44 Forward
1 - 0% - 60%
2 - 0% - 40%
44 Defense
1 - 0% - 60%
2 - 0% - 40%
Last Minute Offensive - 0:00
Last Minute Defensive - 0:00
Total
Forward - 60:00
Defense - 60:00
|
Play by Play
1st period
0:01 of 1st period - Robert Nilsson wins face-off versus Eric Staal in neutral zone.
0:12 of 1st period - Slapshot by Robert Nilsson.
0:12 of 1st period - Deflect By Eric Staal.
0:12 of 1st period - Shot Hit the Post.
0:12 of 1st period - Puck is out of play.
0:13 of 1st period - Patrik Berglund wins face-off versus Jordan Nolan in Flames zone.
1:11 of 1st period - Snap shot by Henrik Zetterberg.
1:11 of 1st period - Stopped by Josh Harding with a rebound.
2:08 of 1st period - Snap shot by Colin Wilson.
2:08 of 1st period - Stopped by Jaroslav Halak without a rebound.
2:09 of 1st period - Colin Wilson wins face-off versus Robert Nilsson in Lightning zone.
2:18 of 1st period - Wrist shot by Robert Nilsson.
2:18 of 1st period - Stopped by Josh Harding without a rebound.
2:19 of 1st period - Robert Nilsson wins face-off versus Eric Staal in Flames zone.
2:28 of 1st period - Wrist shot by Henrik Zetterberg.
2:28 of 1st period - Shot Misses the Net.
2:34 of 1st period - Snap shot by Kris Versteeg.
2:34 of 1st period - Stopped by Josh Harding with a rebound.
2:36 of 1st period - Slapshot by Danny Richmond.
2:36 of 1st period - Stopped by Josh Harding with a rebound.
2:38 of 1st period - Slapshot by Andy Rogers.
2:38 of 1st period - Stopped by Josh Harding without a rebound.
2:39 of 1st period - Pierre-Marc Bouchard wins face-off versus Patrik Berglund in Flames zone.
4:19 of 1st period - Backhand shot by Steve Bernier.
4:19 of 1st period - Goal by Steve Bernier - Lightning : 1 - Flames : 0.
4:20 of 1st period - Eric Staal wins face-off versus Robert Nilsson in neutral zone.
4:33 of 1st period - Slapshot by David Backes.
4:33 of 1st period - Deflect By Alexander Semin.
4:33 of 1st period - Stopped by Jaroslav Halak without a rebound.
4:34 of 1st period - Robert Nilsson wins face-off versus Alexander Semin in Lightning zone.
4:41 of 1st period - Wrist shot by Henrik Zetterberg.
4:41 of 1st period - Stopped by Josh Harding with a rebound.
4:43 of 1st period - Snap shot by Robert Nilsson.
4:43 of 1st period - Stopped by Josh Harding with a rebound.
4:45 of 1st period - Wrist shot by Kris Versteeg.
4:45 of 1st period - Stopped by Josh Harding with a rebound.
4:47 of 1st period - Snap shot by Brent Burns.
4:47 of 1st period - Deflect By Alexander Semin.
4:47 of 1st period - Stopped by Josh Harding with a rebound.
4:49 of 1st period - Slapshot by Kris Versteeg.
4:49 of 1st period - Shot Misses the Net.
6:05 of 1st period - David Backes is hit by Kris Versteeg.
6:13 of 1st period - Snap shot by Eric Staal.
6:13 of 1st period - Shot Misses the Net.
6:31 of 1st period - Snap shot by Patrik Berglund.
6:31 of 1st period - Shot Misses the Net.
6:53 of 1st period - Snap shot by Pierre-Marc Bouchard.
6:53 of 1st period - Deflect By Steve Bernier.
6:53 of 1st period - Shot Misses the Net.
6:53 of 1st period - Puck is out of play.
6:54 of 1st period - Robert Nilsson wins face-off versus Eric Staal in Flames zone.
7:01 of 1st period - Snap shot by Robert Nilsson.
7:01 of 1st period - Stopped by Josh Harding with a rebound.
7:42 of 1st period - Slapshot by Steve Regier.
7:42 of 1st period - Stopped by Jaroslav Halak with a rebound.
8:08 of 1st period - Brent Burns is hit by Mikhail Grabovski and loses puck.
8:58 of 1st period - Wrist shot by Patrik Berglund.
8:58 of 1st period - Shot Blocked by Brent Burns.
9:00 of 1st period - Snap shot by Sami Vatanen.
9:00 of 1st period - Shot Blocked by John Carlson.
10:01 of 1st period - Wrist shot by Henrik Zetterberg.
10:01 of 1st period - Stopped by Josh Harding without a rebound.
10:02 of 1st period - Robert Nilsson wins face-off versus Patrik Berglund in Flames zone.
10:03 of 1st period - Backhand shot by Henrik Zetterberg.
10:03 of 1st period - Stopped by Josh Harding without a rebound.
10:04 of 1st period - Robert Nilsson wins face-off versus Patrik Berglund in Flames zone.
10:21 of 1st period - Icing by Robert Nilsson.
10:22 of 1st period - Robert Nilsson wins face-off versus Eric Staal in Lightning zone.
10:29 of 1st period - Snap shot by Robert Nilsson.
10:29 of 1st period - Shot Misses the Net.
10:57 of 1st period - Snap shot by Jordin Tootoo.
10:57 of 1st period - Shot Hit the Post.
11:21 of 1st period - Snap shot by Daniel Carcillo.
11:21 of 1st period - Deflect By Patrik Berglund.
11:21 of 1st period - Stopped by Josh Harding without a rebound.
11:22 of 1st period - Eric Staal wins face-off versus Jordan Nolan in Flames zone.
11:27 of 1st period - Jordan Nolan is hit by David Backes.
11:45 of 1st period - Snap shot by Jordan Nolan.
11:45 of 1st period - Shot Blocked by Lubomir Visnovsky.
11:57 of 1st period - Wrist shot by Patrik Berglund.
11:57 of 1st period - Shot Blocked by Jordan Nolan.
12:56 of 1st period - Wrist shot by Mikhail Grabovski.
12:56 of 1st period - Stopped by Jaroslav Halak without a rebound.
12:57 of 1st period - Robert Nilsson wins face-off versus Eric Staal in Lightning zone.
13:08 of 1st period - Slapshot by Robert Nilsson.
13:08 of 1st period - Shot Misses the Net.
13:37 of 1st period - Wrist shot by Alexander Semin.
13:37 of 1st period - Deflect By Eric Staal.
13:37 of 1st period - Stopped by Jaroslav Halak with a rebound.
13:39 of 1st period - Wrist shot by Eric Staal.
13:39 of 1st period - Stopped by Jaroslav Halak with a rebound.
13:53 of 1st period - Wrist shot by Eric Staal.
13:53 of 1st period - Shot Blocked by Sheldon Keefe.
13:55 of 1st period - Slapshot by Alexander Semin.
13:55 of 1st period - Shot Misses the Net.
14:05 of 1st period - Snap shot by Eric Staal.
14:05 of 1st period - Deflect By Sheldon Keefe.
14:05 of 1st period - Stopped by Jaroslav Halak with a rebound.
14:07 of 1st period - Wrist shot by Eric Staal.
14:07 of 1st period - Stopped by Jaroslav Halak with a rebound.
14:09 of 1st period - Wrist shot by Alexander Semin.
14:09 of 1st period - Goal by Alexander Semin - Lightning : 1 - Flames : 1.
14:10 of 1st period - Henrik Zetterberg wins face-off versus Patrik Berglund in neutral zone.
14:46 of 1st period - Off-side.
14:47 of 1st period - Jordan Nolan wins face-off versus Brad Marchand in neutral zone.
14:53 of 1st period - Off-side.
14:54 of 1st period - Patrik Berglund wins face-off versus Jordan Nolan in neutral zone.
15:00 of 1st period - Slapshot by Erik Johnson.
15:00 of 1st period - Stopped by Jaroslav Halak with a rebound.
15:04 of 1st period - Wrist shot by Brad Marchand.
15:04 of 1st period - Shot Misses the Net.
15:06 of 1st period - Slapshot by Michel Ouellet.
15:06 of 1st period - Shot Misses the Net.
15:08 of 1st period - Snap shot by Michel Ouellet.
15:08 of 1st period - Stopped by Jaroslav Halak with a rebound.
15:10 of 1st period - Backhand shot by Brad Marchand.
15:10 of 1st period - Stopped by Jaroslav Halak with a rebound.
15:45 of 1st period - Snap shot by Pierre-Marc Bouchard.
15:45 of 1st period - Shot Blocked by Ron Hainsey.
15:47 of 1st period - Snap shot by Justin Schultz.
15:47 of 1st period - Stopped by Josh Harding without a rebound.
15:48 of 1st period - Pierre-Marc Bouchard wins face-off versus Patrik Berglund in Flames zone.
16:09 of 1st period - Minor Penalty to Justin Schultz for Tripping.
16:10 of 1st period - Eric Staal wins face-off versus Robert Nilsson in Lightning zone.
18:09 of 1st period - Penalty to Justin Schultz is over, Justin Schultz is back on ice.
18:19 of 1st period - Backhand shot by Loui Eriksson.
18:19 of 1st period - Deflect By Pierre-Luc Létourneau.
18:19 of 1st period - Stopped by Josh Harding with a rebound.
18:38 of 1st period - Colin Wilson is hit by Reilly Smith.
18:46 of 1st period - Off-side.
18:47 of 1st period - Robert Nilsson wins face-off versus Patrik Berglund in neutral zone.
18:50 of 1st period - Michel Ouellet is hit by Henrik Zetterberg and loses puck.
19:05 of 1st period - Noah Welch is hit by Reilly Smith and loses puck.
19:12 of 1st period - Lubomir Visnovsky is hit by Jordan Nolan and loses puck.
19:28 of 1st period - Off-side.
19:29 of 1st period - Eric Staal wins face-off versus Pierre-Marc Bouchard in neutral zone.
19:42 of 1st period - Slapshot by Alexander Semin.
19:42 of 1st period - Stopped by Jaroslav Halak with a rebound.
Goals for this period are 1 for Lightning vs 1 for Flames.
Shots for this period are 16 for Lightning vs 13 for Flames.
2nd period
0:01 of 2nd period - Eric Staal wins face-off versus Kris Versteeg in neutral zone.
0:26 of 2nd period - Brent Burns is hit by Michel Ouellet and loses puck.
0:47 of 2nd period - Slapshot by Brent Burns.
0:47 of 2nd period - Shot Hit the Post.
0:49 of 2nd period - Snap shot by Loui Eriksson.
0:49 of 2nd period - Shot Blocked by Lubomir Visnovsky.
0:51 of 2nd period - Wrist shot by Brent Burns.
0:51 of 2nd period - Stopped by Josh Harding with a rebound.
0:53 of 2nd period - Slapshot by John Carlson.
0:53 of 2nd period - Shot Blocked by Steve Eminger.
0:55 of 2nd period - Snap shot by Pierre-Marc Bouchard.
0:55 of 2nd period - Stopped by Josh Harding with a rebound.
1:09 of 2nd period - Slapshot by Jordin Tootoo.
1:09 of 2nd period - Stopped by Jaroslav Halak with a rebound.
1:18 of 2nd period - Icing by Sheldon Keefe.
1:19 of 2nd period - Mikael Backlund wins face-off versus Patrik Berglund in Lightning zone.
1:19 of 2nd period - Mikael Backlund is hit by Michel Ouellet.
1:34 of 2nd period - Backhand shot by Brad Marchand.
1:34 of 2nd period - Shot Misses the Net.
1:44 of 2nd period - Pierre-Luc Létourneau is hit by Ron Hainsey and loses puck.
2:05 of 2nd period - Slapshot by Sheldon Keefe.
2:05 of 2nd period - Stopped by Josh Harding without a rebound.
2:06 of 2nd period - Eric Staal wins face-off versus Robert Nilsson in Flames zone.
2:06 of 2nd period - Eric Staal is hit by Henrik Zetterberg.
2:32 of 2nd period - Patrik Berglund is hit by John Carlson.
2:45 of 2nd period - Wrist shot by Jordan Nolan.
2:45 of 2nd period - Stopped by Josh Harding with a rebound.
2:59 of 2nd period - Wrist shot by Steve Bernier.
2:59 of 2nd period - Stopped by Josh Harding with a rebound.
3:51 of 2nd period - Slapshot by Brent Burns.
3:51 of 2nd period - Deflect By Pierre-Luc Létourneau.
3:51 of 2nd period - Shot Misses the Net.
3:51 of 2nd period - Puck is out of play.
3:52 of 2nd period - Eric Staal wins face-off versus Robert Nilsson in Flames zone.
3:57 of 2nd period - Brent Burns is hit by Ron Hainsey and loses puck.
4:02 of 2nd period - Wrist shot by Eric Staal.
4:02 of 2nd period - Shot Misses the Net.
4:04 of 2nd period - Slapshot by Erik Johnson.
4:04 of 2nd period - Deflect By Eric Staal.
4:04 of 2nd period - Stopped by Jaroslav Halak with a rebound.
4:06 of 2nd period - Snap shot by Eric Staal.
4:06 of 2nd period - Shot Misses the Net.
4:08 of 2nd period - Wrist shot by Eric Staal.
4:08 of 2nd period - Deflect By Henrik Zetterberg.
4:08 of 2nd period - Shot Blocked by Robert Nilsson.
4:08 of 2nd period - Puck is out of play.
4:09 of 2nd period - Patrik Berglund wins face-off versus Jordan Nolan in Lightning zone.
4:49 of 2nd period - Wrist shot by Henrik Zetterberg.
4:49 of 2nd period - Stopped by Josh Harding without a rebound.
4:50 of 2nd period - Eric Staal wins face-off versus Robert Nilsson in Flames zone.
5:13 of 2nd period - Minor Penalty to Alexander Semin for Holding.
5:14 of 2nd period - Mikhail Grabovski wins face-off versus Robert Nilsson in Flames zone.
5:19 of 2nd period - Brad Marchand is hit by Kris Versteeg.
5:29 of 2nd period - Eric Staal is hit by Kris Versteeg and loses puck.
5:40 of 2nd period - Jordan Nolan is hit by Brad Marchand and loses puck.
6:09 of 2nd period - Slapshot by John Carlson.
6:09 of 2nd period - Stopped by Josh Harding without a rebound.
6:10 of 2nd period - Robert Nilsson wins face-off versus Mikhail Grabovski in Flames zone.
7:13 of 2nd period - Penalty to Alexander Semin is over, Alexander Semin is back on ice.
8:03 of 2nd period - Danny Richmond is hit by Jonathan Ferland and loses puck.
8:32 of 2nd period - Minor Penalty to Reilly Smith for Holding Stick.
8:33 of 2nd period - Robert Nilsson wins face-off versus Eric Staal in Lightning zone.
10:32 of 2nd period - Penalty to Reilly Smith is over, Reilly Smith is back on ice.
10:47 of 2nd period - Daniel Carcillo is hit by Brad Marchand and loses puck.
10:52 of 2nd period - Snap shot by Brad Marchand.
10:52 of 2nd period - Shot Misses the Net.
11:04 of 2nd period - Slapshot by Jeff Schultz.
11:04 of 2nd period - Deflect By Lubomir Visnovsky.
11:04 of 2nd period - Stopped by Josh Harding without a rebound.
11:05 of 2nd period - Brad Marchand wins face-off versus Mikael Backlund in Flames zone.
11:22 of 2nd period - Wrist shot by Henrik Zetterberg.
11:22 of 2nd period - Stopped by Josh Harding with a rebound.
11:24 of 2nd period - Backhand shot by Brent Burns.
11:24 of 2nd period - Shot Misses the Net.
11:26 of 2nd period - Slapshot by Brent Burns.
11:26 of 2nd period - Deflect By Steve Eminger.
11:26 of 2nd period - Stopped by Josh Harding with a rebound.
12:06 of 2nd period - Backhand shot by Sheldon Keefe.
12:06 of 2nd period - Stopped by Josh Harding with a rebound.
12:43 of 2nd period - Wrist shot by David Backes.
12:43 of 2nd period - Stopped by Jaroslav Halak with a rebound.
14:08 of 2nd period - Pierre-Marc Bouchard is hit by Jordin Tootoo and loses puck.
14:54 of 2nd period - Wrist shot by Alexander Semin.
14:54 of 2nd period - Shot Misses the Net.
14:56 of 2nd period - Slapshot by Erik Johnson.
14:56 of 2nd period - Shot Blocked by John Carlson.
14:58 of 2nd period - Wrist shot by David Backes.
14:58 of 2nd period - Goal by David Backes - Lightning : 1 - Flames : 2.
14:59 of 2nd period - Eric Staal wins face-off versus Robert Nilsson in neutral zone.
15:07 of 2nd period - Wrist shot by Ron Hainsey.
15:07 of 2nd period - Stopped by Jaroslav Halak with a rebound.
15:09 of 2nd period - Snap shot by Alexander Semin.
15:09 of 2nd period - Deflect By Eric Staal.
15:09 of 2nd period - Shot Blocked by Brent Burns.
15:09 of 2nd period - Puck is out of play.
15:10 of 2nd period - Robert Nilsson wins face-off versus Eric Staal in Lightning zone.
16:03 of 2nd period - Slapshot by John Carlson.
16:03 of 2nd period - Shot Blocked by Steve Regier.
16:05 of 2nd period - Snap shot by John Carlson.
16:05 of 2nd period - Stopped by Josh Harding with a rebound.
16:07 of 2nd period - Snap shot by John Carlson.
16:07 of 2nd period - Deflect By Pierre-Marc Bouchard.
16:07 of 2nd period - Goal by Pierre-Marc Bouchard - Lightning : 2 - Flames : 2.
16:08 of 2nd period - Robert Nilsson wins face-off versus Eric Staal in neutral zone.
16:08 of 2nd period - Robert Nilsson is hit by Erik Johnson.
16:55 of 2nd period - Steve Eminger is hit by Andy Rogers and loses puck.
17:16 of 2nd period - Snap shot by Mikhail Grabovski.
17:16 of 2nd period - Stopped by Jaroslav Halak with a rebound.
17:32 of 2nd period - Alexander Semin is hit by Robert Nilsson and loses puck.
18:07 of 2nd period - Minor Penalty to John Carlson for Hooking.
18:08 of 2nd period - Patrik Berglund wins face-off versus Robert Nilsson in Lightning zone.
18:10 of 2nd period - Snap shot by Patrik Berglund.
18:10 of 2nd period - Shot Misses the Net.
18:16 of 2nd period - Slapshot by Patrik Berglund.
18:16 of 2nd period - Stopped by Jaroslav Halak without a rebound.
18:17 of 2nd period - Patrik Berglund wins face-off versus Robert Nilsson in Lightning zone.
18:18 of 2nd period - Wrist shot by Steve Regier.
18:18 of 2nd period - Shot Misses the Net.
18:20 of 2nd period - Snap shot by Patrik Berglund.
18:20 of 2nd period - Goal by Patrik Berglund - Lightning : 2 - Flames : 3.
18:21 of 2nd period - Henrik Zetterberg wins face-off versus Eric Staal in neutral zone.
18:36 of 2nd period - Wrist shot by Erik Johnson.
18:36 of 2nd period - Shot Blocked by John Carlson.
18:38 of 2nd period - Slapshot by Ron Hainsey.
18:38 of 2nd period - Shot Blocked by John Carlson.
18:48 of 2nd period - John Carlson is hit by Michel Ouellet.
18:56 of 2nd period - Wrist shot by Daniel Carcillo.
18:56 of 2nd period - Shot Misses the Net.
19:16 of 2nd period - Slapshot by Colin Wilson.
19:16 of 2nd period - Deflect By Jordin Tootoo.
19:16 of 2nd period - Shot Blocked by Jeff Schultz.
19:16 of 2nd period - Puck is out of play.
19:17 of 2nd period - Eric Staal wins face-off versus Pierre-Marc Bouchard in Lightning zone.
19:28 of 2nd period - Wrist shot by Alexander Semin.
19:28 of 2nd period - Shot Blocked by Brent Burns.
19:30 of 2nd period - Snap shot by Lubomir Visnovsky.
19:30 of 2nd period - Deflect By David Backes.
19:30 of 2nd period - Shot Misses the Net.
19:30 of 2nd period - Puck is out of play.
19:31 of 2nd period - Eric Staal wins face-off versus Robert Nilsson in Lightning zone.
19:46 of 2nd period - Slapshot by Alexander Semin.
19:46 of 2nd period - Stopped by Jaroslav Halak with a rebound.
Goals for this period are 1 for Lightning vs 2 for Flames.
Shots for this period are 13 for Lightning vs 9 for Flames.
3rd period
0:01 of 3rd period - Eric Staal wins face-off versus Kris Versteeg in neutral zone.
0:22 of 3rd period - Kris Versteeg is hit by David Backes and loses puck.
0:31 of 3rd period - Backhand shot by Kris Versteeg.
0:31 of 3rd period - Stopped by Josh Harding with a rebound.
1:23 of 3rd period - Backhand shot by Henrik Zetterberg.
1:23 of 3rd period - Shot Blocked by David Backes.
2:12 of 3rd period - Wrist shot by Robert Nilsson.
2:12 of 3rd period - Shot Blocked by Lubomir Visnovsky.
2:14 of 3rd period - Snap shot by Henrik Zetterberg.
2:14 of 3rd period - Shot Blocked by Lubomir Visnovsky.
2:16 of 3rd period - Slapshot by John Carlson.
2:16 of 3rd period - Shot Blocked by Lubomir Visnovsky.
2:27 of 3rd period - Off-side.
2:28 of 3rd period - Jordan Nolan wins face-off versus Patrik Berglund in neutral zone.
3:17 of 3rd period - Pierre-Luc Létourneau is hit by Noah Welch.
3:34 of 3rd period - Wrist shot by Jordan Nolan.
3:34 of 3rd period - Shot Misses the Net.
3:50 of 3rd period - Andy Rogers is hit by Patrik Berglund and loses puck.
4:15 of 3rd period - Snap shot by Jordin Tootoo.
4:15 of 3rd period - Stopped by Jaroslav Halak without a rebound.
4:16 of 3rd period - Colin Wilson wins face-off versus Jordan Nolan in Lightning zone.
4:21 of 3rd period - Snap shot by Colin Wilson.
4:21 of 3rd period - Stopped by Jaroslav Halak without a rebound.
4:22 of 3rd period - Jordan Nolan wins face-off versus Colin Wilson in Lightning zone.
4:33 of 3rd period - Slapshot by Jordin Tootoo.
4:33 of 3rd period - Stopped by Jaroslav Halak without a rebound.
4:34 of 3rd period - Jordan Nolan wins face-off versus Brad Marchand in Lightning zone.
4:47 of 3rd period - Snap shot by Daniel Carcillo.
4:47 of 3rd period - Deflect By Jordan Nolan.
4:47 of 3rd period - Shot Misses the Net.
4:47 of 3rd period - Puck is out of play.
4:48 of 3rd period - Pierre-Marc Bouchard wins face-off versus Patrik Berglund in Flames zone.
5:15 of 3rd period - Jordan Nolan is hit by Steve Regier.
5:52 of 3rd period - Snap shot by Henrik Zetterberg.
5:52 of 3rd period - Shot Misses the Net.
5:54 of 3rd period - Wrist shot by Henrik Zetterberg.
5:54 of 3rd period - Shot Misses the Net.
5:56 of 3rd period - Wrist shot by Robert Nilsson.
5:56 of 3rd period - Deflect By Henrik Zetterberg.
5:56 of 3rd period - Deflect By David Backes.
5:56 of 3rd period - Shot Misses the Net.
5:56 of 3rd period - Puck is out of play.
5:57 of 3rd period - Patrik Berglund wins face-off versus Pierre-Marc Bouchard in Flames zone.
5:57 of 3rd period - Patrik Berglund is hit by Steve Bernier.
6:44 of 3rd period - Wrist shot by Alexander Semin.
6:44 of 3rd period - Deflect By Jordin Tootoo.
6:44 of 3rd period - Stopped by Jaroslav Halak without a rebound.
6:45 of 3rd period - Colin Wilson wins face-off versus Jordan Nolan in Lightning zone.
8:14 of 3rd period - Jordan Nolan is hit by Patrik Berglund.
8:37 of 3rd period - Icing by Sami Vatanen.
8:38 of 3rd period - Colin Wilson wins face-off versus Robert Nilsson in Flames zone.
8:42 of 3rd period - Off-side.
8:43 of 3rd period - Patrik Berglund wins face-off versus Robert Nilsson in neutral zone.
8:45 of 3rd period - Off-side.
8:46 of 3rd period - Patrik Berglund wins face-off versus Robert Nilsson in neutral zone.
10:02 of 3rd period - Wrist shot by Brad Marchand.
10:02 of 3rd period - Stopped by Jaroslav Halak with a rebound.
10:08 of 3rd period - Wrist shot by Michel Ouellet.
10:08 of 3rd period - Stopped by Jaroslav Halak with a rebound.
10:20 of 3rd period - Kris Versteeg is hit by Jonathan Ferland and loses puck.
11:20 of 3rd period - Snap shot by Mikael Backlund.
11:20 of 3rd period - Stopped by Josh Harding without a rebound.
11:21 of 3rd period - Mikael Backlund wins face-off versus Patrik Berglund in Flames zone.
11:49 of 3rd period - Slapshot by Michel Ouellet.
11:49 of 3rd period - Stopped by Jaroslav Halak with a rebound.
12:10 of 3rd period - Off-side.
12:11 of 3rd period - Jordan Nolan wins face-off versus Steve Regier in neutral zone.
12:26 of 3rd period - Slapshot by Daniel Carcillo.
12:26 of 3rd period - Stopped by Josh Harding with a rebound.
13:37 of 3rd period - Wrist shot by Jordan Nolan.
13:37 of 3rd period - Shot Misses the Net.
13:39 of 3rd period - Slapshot by Jeff Schultz.
13:39 of 3rd period - Stopped by Josh Harding without a rebound.
13:40 of 3rd period - David Backes wins face-off versus Robert Nilsson in Flames zone.
13:45 of 3rd period - Wrist shot by Henrik Zetterberg.
13:45 of 3rd period - Stopped by Josh Harding without a rebound.
13:46 of 3rd period - Eric Staal wins face-off versus Robert Nilsson in Flames zone.
15:07 of 3rd period - Minor Penalty to Jonathan Ferland for Hooking.
15:08 of 3rd period - Eric Staal wins face-off versus Robert Nilsson in Flames zone.
15:25 of 3rd period - Off-side.
15:26 of 3rd period - Alexander Semin wins face-off versus Jordan Nolan in neutral zone.
15:59 of 3rd period - Brent Burns is hit by Steve Eminger and loses puck.
17:07 of 3rd period - Penalty to Jonathan Ferland is over, Jonathan Ferland is back on ice.
17:26 of 3rd period - Snap shot by Patrik Berglund.
17:26 of 3rd period - Deflect By Michel Ouellet.
17:26 of 3rd period - Shot Blocked by Jeff Schultz.
17:26 of 3rd period - Puck is out of play.
17:27 of 3rd period - Patrik Berglund wins face-off versus Reilly Smith in Lightning zone.
17:30 of 3rd period - Wrist shot by Michel Ouellet.
17:30 of 3rd period - Stopped by Jaroslav Halak with a rebound.
18:30 of 3rd period - Minor Penalty to Kris Versteeg for Hooking.
18:31 of 3rd period - Robert Nilsson wins face-off versus Eric Staal in Lightning zone.
19:34 of 3rd period - Patrik Berglund is hit by Danny Richmond.
Goals for this period are 0 for Lightning vs 0 for Flames.
Shots for this period are 5 for Lightning vs 8 for Flames.
Back to the Top